 Dungeon Crawl Stone Soup version 0.16-a0-2683-gc417ed5 (webtiles) character file.

504236 Fiveotanaka the Heavyweight Champion (level 24, -4/239 HPs)
             Began as a Troll Monk on Nov 23, 2014.
             Was the Champion of Okawaru.
             Killed from afar by a deep elf sorcerer (38 damage)
             ... with a blast of hellfire
             ... on level 3 of the Elven Halls on Nov 25, 2014.
             The game lasted 05:17:03 (61267 turns).

Fiveotanaka the Heavyweight Champion (Troll Monk)  Turns: 61267, Time: 05:17:03

Health: -4/239     AC: 23    Str: 27    XL:     24   Next: 11%
Magic:  23/27      EV: 33    Int:  6    God:    Okawaru [******]
Gold:   4018       SH:  0    Dex: 29    Spells: 0 memorised, 23 levels left

rFire  + + .     SeeInvis +       - Unarmed
rCold  . . .     Clarity  +     A - +0 fire dragon armour
rNeg   . . .     SustAb   .     (shield restricted)
rPois  .         Gourm    +     B - +1 hat {MR+}
rElec  +         Spirit   .     P - +0 cloak {MR+}
rCorr  .         Warding  .     (gloves unavailable)
rMut   .         Stasis   .     (boots unavailable)
MR     +++..                    e - amulet of faith
Stlth  +++.......               l - ring of the Oligarchy {+Rage Str+1 Dex+4 SInv}
                                d - ring "Khuid" {rC+ Dex+3}

@: heroism, finesse, extremely resistant to hostile enchantments, fairly
stealthy
A: unfitting armour, claws 3, hooves 1, horns 1, molten scales 1, thin skeletal
structure 1, yellow scales 1, camouflage 1, clarity, fast metabolism 3,
gourmand, mutation resistance 2, sense surroundings 1, regeneration 2, shaggy
fur 1, electricity resistance, tough skin 2, wild magic 1
a: Heroism, Finesse, Renounce Religion, Evoke Berserk Rage
}: 2/15 runes: decaying, gossamer


You were on level 3 of the Elven Halls.
You worshipped Okawaru.
Okawaru was exalted by your worship.
You were very full.

You visited 8 branches of the dungeon, and saw 49 of its levels.
You visited the Abyss 1 time.
You visited 1 bazaar.
You also visited: Ice Cave.

You collected 6384 gold pieces.
You spent 2366 gold pieces at shops.

Inventory:

Hand weapons
 R - the +1 eveningstar "Brilliance" {holy, rN+ AC+5 Int+5}
   (You took it off a spriggan berserker on level 4 of the Depths)

   It has been blessed by the Shining One to cause great damage to the undead
   and demons.
   It affects your AC (+5).
   It affects your intelligence (+5).
   It protects you from negative energy.
Missiles
 y - 132 large rocks (quivered)
 W - 7 throwing nets
Armour
 A - a +0 fire dragon armour (worn)
 B - a +1 hat of magic resistance (worn)
 O - a +2 cloak of poison resistance
 P - a +0 cloak of magic resistance (worn)
Jewellery
 c - a cursed amulet of resist corrosion
 d - the ring "Khuid" (left claw) {rC+ Dex+3}
   (You acquired it on level 1 of the Lair of Beasts)

   [ring of dexterity]

   It affects your dexterity (+3).
   It protects you from cold.
 e - an amulet of faith (around neck)
 i - an uncursed ring of protection from fire
 l - the ring of the Oligarchy (right claw) {+Rage Str+1 Dex+4 SInv}
   (You acquired it on level 13 of the Dungeon)

   [ring of dexterity]

   It affects your strength (+1).
   It affects your dexterity (+4).
   It enhances your eyesight.
   It lets you go berserk.
 n - an uncursed ring of positive energy
 F - an uncursed ring of flight
 H - the ring "Thaqeola" {rC+ Int-3 Dex+3}
   (You found it on level 6 of the Dungeon)

   [ring of protection from cold]

   It affects your intelligence (-3).
   It affects your dexterity (+3).
   It protects you from cold.
 X - an uncursed ring of protection from magic
Magical devices
 a - a wand of invisibility (5)
 k - a wand of disintegration (10)
 s - a wand of digging (18)
 S - a wand of teleportation (7)
Scrolls
 g - 2 scrolls of silence
 h - 4 scrolls of magic mapping
 p - a scroll of amnesia
 q - 7 scrolls of fear
 t - 12 scrolls of enchant armour
 u - 22 scrolls of teleportation
 v - 23 scrolls of remove curse
 x - 5 scrolls of recharging
 C - 6 scrolls of fog
 L - 2 scrolls of summoning
 M - a scroll of holy word
 Q - 7 scrolls of identify
Potions
 f - 5 potions of resistance
 j - 3 potions of flight
 m - 10 potions of haste
 D - 2 potions of berserk rage
 E - 16 potions of curing
 G - 4 potions of cancellation
 J - 9 potions of restore abilities
 K - 6 potions of agility
 U - 9 potions of might
 Y - a potion of heal wounds
Miscellaneous
 T - a stone of tremors
Comestibles
 b - 26 meat rations
 o - 25 bread rations
 r - a chunk of flesh
 I - 3 slices of pizza
 Z - 4 fruits


   Skills:
 + Level 13.9(18.9) Fighting
 - Level 7.2(12.2) Throwing
 * Level 13.8(18.8) Armour
 + Level 17.7(22.7) Dodging
 - Level 1.1(6.1) Stealth
 O Level 27 Unarmed Combat
 * Level 6.9 Invocations


You had 23 spell levels left.
You didn't know any spells.

Dungeon Overview and Level Annotations

Branches:
Dungeon (15/15)            Temple (0/1) D:4            Lair (8/8) D:8
  Swamp (5/5) Lair:5       Spider (5/5) Lair:3        Slime (0/6) Lair:6
    Orc (4/4) D:11            Elf (3/3) Orc:3        Vaults (4/5) D:13
  Crypt (0/3) Vaults:2     Depths (5/5) D:15            Zot (0/5) Depths:5

Altars:
Cheibriados
Dithmenos
Elyvilon
Fedhas
Gozag
Kikubaaqudgha
Makhleb
Okawaru
Trog
Vehumet
Xom
The Shining One
Beogh
Jiyva

Shops:
D:4 =   Orc:4 *:[[*   Vaults:1 ?   Vaults:2 !   Vaults:3 (   Vaults:4 !
Depths:5 *

Portals:
Hell: Depths:1 Depths:2 Depths:3 Depths:4 Depths:5
Abyss: Depths:3 Depths:4
Pandemonium: Depths:2 Depths:3 Depths:5
Ziggurat: Depths:1
Trove: D:15 (give 4 scrolls of blinking)

Annotations:
Elf:2 runed door


Innate Abilities, Weirdness & Mutations

You are too large for most types of armour.
You have claws for hands.
Your metabolism is lightning-fast.
You like to eat raw meat.
You heal very quickly.
You are covered in fur (AC +1).
You have very tough skin (AC +2).
You have large cloven feet.
You have a pair of small horns on your head.
You are partially covered in molten scales (AC +1).
You have a somewhat thin skeletal structure (Dex +2, Stealth).
You are partially covered in yellow scales (AC +2).
Your skin changes colour to match your surroundings (Stealth).
You possess an exceptional clarity of mind.
You are somewhat resistant to both further mutation and mutation removal.
You passively map a small area around you.
You are resistant to electric shocks.
Your spells are a little harder to cast, but a little more powerful.


Message History

You kick the deep elf master archer, but do no damage.
You headbutt the deep elf master archer.
You claw the deep elf master archer!
You kill the deep elf master archer!
Okawaru accepts your kill.
You now have 4018 gold pieces (gained 18).
You see here a long sword of draining.
The deep elf sorcerer casts a spell.
The deep elf sorcerer seems to speed up.
A deep elf summoner comes into view. It is wielding a short sword.
The deep elf sorcerer points at you and mumbles some strange words.
The bolt of acid misses you.
The deep elf sorcerer points at you and mumbles some strange words.
The hellfire explodes!
The blast of hellfire engulfs you!
* * * LOW HITPOINT WARNING * * *
The deep elf sorcerer casts a spell at you.
You resist with almost no effort.
The deep elf sorcerer gestures at you while chanting.
The hellfire explodes!
The blast of hellfire engulfs you!
You die...

.................................
..........................)......
##'#########'#############'####'#
#.....#..........#.........#.....
+.....'..........'.........'.....
#.....#..........#.........#.....
################)################
#.# * ###@### ##.....## * *
###.......### ,, , *#...........#
, *#...........# , , ,
#...........# , , , * ,
#...........# , #.(.P.......#
#.....)e....# ,


You could see a deep elf sorcerer.

Vanquished Creatures
  An ancient lich (Depths:4)
  Boris (Depths:5)
  Norris (Vaults:1)
  A bone dragon (Depths:5)
  Frederick (Vaults:2)
  Nikola (Elf:2)
  A titan (Depths:2)
  2 deep elf master archers
  A sphinx (Depths:1)
  A tentacled starspawn (Abyss:1)
  6 liches
  Rupert (Lair:7)
  2 thorn hunters
  An ancient champion (Depths:4)
  4 storm dragons
  A shadow dragon (Depths:4)
  Frances (Elf:2)
  Roxanne (Spider:5)
  5 tengu reavers
  Donald (Vaults:4)
  3 ghost moths (Spider:5)
  Wiglaf (Depths:3)
  13 fire giants
  5 frost giants
  An iron dragon (Depths:4)
  A deep elf sorcerer (Elf:3)
  A cacodemon (Depths:5)
  Louise (Spider:1)
  2 orc warlords (Depths:3)
  11 vault wardens
  2 ghouls (Vaults:2)
  11 emperor scorpions
  A draconian annihilator (Depths:5)
  A draconian shifter (Depths:5)
  20 very ugly things
  18 stone giants
  2 grey draconians (Depths:5)
  A red draconian (Depths:5)
  2 vampire knights
  3 deep elf demonologists
  A deep elf annihilator (Elf:3)
  2 dire elephants (Depths:4)
  3 pale draconians (Depths:5)
  2 green deaths (Swamp:5)
  Snorg (Lair:5)
  3 blizzard demons
  8 ettins
  6 fire dragons
  2 death oozes (Swamp:5)
  7 great orbs of eyes
  17 ironheart preservers
  5 vault guards
  2 minotaurs
  10 rakshasas
  3 deep elf high priests (Elf:3)
  Fannar (D:12)
  20 yaktaur captains
  Harold (D:11)
  The ghost of Sixotanaka the Cleaver, a powerful DDBe of Trog (Lair:2)
  2 anacondas (Depths:4)
  A spriggan air mage (Depths:4)
  9 ice dragons
  An ice dragon (shapeshifter) (Depths:4)
  23 hydras
  Erica (Lair:4)
  24 ogre magi
  18 dancing weapons
  5 deep troll earth magi
  7 deep troll shamans
  17 centaur warriors
  3 vampire magi
  7 alligators
  3 hell beasts
  A spriggan berserker (Depths:4)
  40 death yaks
  A tengu warrior (Depths:5)
  A naga sharpshooter (Depths:4)
  A shock serpent (shapeshifter) (Depths:4)
  2 thrashing horrors (Swamp:5)
  Urug (D:11)
  5 orc high priests
  3 fire crabs
  Nergalle (D:11)
  A sun demon (Depths:3)
  6 catoblepae
  11 spriggans
  A hell knight (Depths:4)
  6 giant orange brains
  An iron troll (Depths:3)
  12 deep elf knights
  A salamander mystic (Depths:2)
  5 ice devils (IceCv)
  7 swamp dragons
  2 large abominations
  Erolcha (D:9)
  16 skeletal warriors
  A spriggan druid (Swamp:3)
  4 unseen horrors
  28 deep trolls
  4 lindwurms (Depths:4)
  A death drake (Depths:4)
  2 flayed ghosts
  4 wizards
  2 ice statues
  8 harpies
  4 shambling mangroves
  11 deep elf summoners
  24 hill giants
  An anubis guard (shapeshifter) (Depths:4)
  15 ironbrand convokers
  3 necromancers
  6 griffons
  11 orb spiders
  22 orc knights
  A red wasp (shapeshifter) (Vaults:1)
  A harpy (shapeshifter) (Elf:1)
  17 deep elf conjurers
  5 orc sorcerers
  40 wolf spiders
  13 red wasps
  72 ugly things
  A draconian (shapeshifter) (D:9)
  2 rust devils
  2 sixfirhies
  A moth of wrath (Spider:4)
  A frost giant skeleton (D:15)
  Maurice (D:11)
  4 salamanders
  An octopode (shapeshifter) (Vaults:2)
  14 spiny frogs
  16 cyclopes
  18 elephants
  Joseph (D:9)
  2 black mambas (Lair:6)
  19 vault sentinels
  6 torpor snails
  3 orange demons
  5 gargoyles
  An orange crystal statue (Depths:1)
  A smoke demon (Elf:3)
  Psyche (D:8)
  9 komodo dragons
  64 yaktaurs
  A guardian serpent (Depths:4)
  4 kobold demonologists
  A komodo dragon (shapeshifter) (D:14)
  5 fire drakes
  9 demonic crawlers
  An ancient zyme (Abyss:1)
  A yaktaur zombie (D:15)
  3 anaconda simulacra (IceCv)
  A troll (shapeshifter) (Vaults:2)
  4 golden dragon simulacra
  4 red devils
  4 blue devils
  A yaktaur skeleton (D:15)
  7 freezing wraiths
  6 giant leeches
  8 polar bears
  A hydra zombie (D:15)
  12 deep elf priests
  10 blink frogs
  2 jumping spiders (shapeshifter)
  4 small abominations
  A queen bee (Spider:3)
  9 trolls
  Prince Ribbit (Lair:2)
  37 jumping spiders
  69 slime creatures
  3 baby alligators (Swamp:3)
  19 ravens
  9 wyverns
  25 two-headed ogres
  12 bog bodies
  A snapping turtle (Depths:4)
  8 boulder beetles
  5 basilisks
  22 trapdoor spiders
  A fire dragon zombie (D:15)
  27 tarantellas
  67 redbacks
  25 deep elf magi
  A neqoxec (Depths:3)
  4 vampires
  4 water elementals
  2 wraiths
  A steam dragon (D:9)
  A hog (shapeshifter) (Elf:2)
  2 dire elephant simulacra (IceCv)
  6 shadows
  A human (D:11)
  A fire elemental (Lair:2)
  Grum (D:11)
  A chaos spawn (Depths:5)
  49 yaks
  3 wargs
  36 vampire mosquitoes
  12 wolves
  A harpy simulacrum (Depths:4)
  16 water moccasins
  12 hippogriffs
  A soldier ant (D:15)
  2 iron troll simulacra (IceCv)
  27 deep elf fighters
  27 swamp worms
  4 mottled dragons
  9 porcupines
  A soldier ant (shapeshifter) (D:14)
  8 sky beasts
  5 hydra simulacra
  35 orc warriors
  15 yellow wasps
  An alligator simulacrum (IceCv)
  An ettin simulacrum (IceCv)
  11 ice beasts
  3 eyes of draining
  10 swamp drakes
  11 boggarts
  2 necrophages (D:7)
  24 spiders
  3 phantoms
  46 ogres
  11 centaurs
  Duvessa (D:6)
  A boring beetle (Spider:1)
  5 big kobolds
  17 crocodiles
  25 giant frogs
  14 insubstantial wisps (Swamp:3)
  A gnoll sergeant (D:8)
  A water moccasin zombie (D:7)
  5 scorpions
  A wyvern zombie (D:10)
  A swamp dragon simulacrum (IceCv)
  An elephant simulacrum (IceCv)
  19 killer bees
  10 electric eels
  A jelly (D:12)
  A lava snake (Lair:2)
  17 wights
  6 goliath beetles
  Dowan (D:6)
  A basilisk zombie (D:15)
  2 giant frog zombies (D:12)
  11 hounds
  Crazy Yiuf (D:6)
  33 orc priests
  2 quasits
  5 centaur skeletons
  13 crimson imps
  4 iron imps (Depths:5)
  8 worker ants
  2 draconian simulacra (IceCv)
  4 giant frog skeletons
  45 orc wizards
  6 iguanas
  4 orange rats
  A polar bear simulacrum (IceCv)
  3 troll simulacra (IceCv)
  21 sheep
  2 spriggan simulacra (IceCv)
  A wolf simulacrum (IceCv)
  A centaur simulacrum (IceCv)
  A hound skeleton (D:10)
  A mummy (D:7)
  3 naga simulacra (IceCv)
  3 worker ant zombies
  7 gnolls
  32 adders
  57 river rats
  3 shadow imps
  8 white imps
  2 giant mites
  2 worms
  3 giant eyeballs (Depths:4)
  3 ogre simulacra (IceCv)
  5 ufetubi
  2 adder skeletons
  6 giant geckos
  An ooze (D:2)
  152 orcs
  12 bats
  2 bat skeletons
  A bat zombie (D:7)
  8 giant cockroaches
  18 goblins
  17 hobgoblins
  16 jackals
  36 kobolds
  15 quokkas
  2 ball pythons
  A giant gecko skeleton (D:5)
  A giant gecko zombie (D:7)
  8 giant newts
  A giant spore (D:9)
  2 jackal skeletons
  42 rats
  9 ballistomycetes
  3 briar patches
  A crawling corpse (Depths:2)
  2 plants (Depths:2)
2576 creatures vanquished.

Vanquished Creatures (others)
  A shadow wraith (Vaults:3)
  A yaktaur (Vaults:1)
  A spriggan (Swamp:1)
  A deep elf fighter (Elf:2)
  A swamp worm (Swamp:4)
  An eye of draining (D:13)
  3 giant spores
  A ballistomycete (D:11)
  4 fungi
  5 plants
  2 starspawn tentacles (Abyss:1)
21 creatures vanquished.

Grand Total: 2597 creatures vanquished

Notes
Turn   | Place    | Note
--------------------------------------------------------------
     0 | D:1      | Fiveotanaka, the Troll Monk, began the quest for the Orb.
     0 | D:1      | Reached XP level 1. HP: 22/22 MP: 1/1
     0 | D:1      | Upgraded the game from 0.16-a0-2655-g8d144ff to 0.16-a0-2676-gfc1a37c
    89 | D:1      | Reached XP level 2. HP: 29/29 MP: 1/1
   370 | D:1      | Reached XP level 3. HP: 36/36 MP: 2/2
   486 | D:2      | Reached skill level 5 in Unarmed Combat
   605 | D:2      | Found an iron altar of Okawaru.
   615 | D:2      | Became a worshipper of Warmaster Okawaru
   615 | D:2      | Acquired Okawaru's first power
   646 | D:2      | Found a bloodstained altar of Trog.
   669 | D:2      | Reached XP level 4. HP: 34/44 MP: 2/2
  1055 | D:2      | Found a glowing golden altar of the Shining One.
  1126 | D:2      | Found an ancient bone altar of Kikubaaqudgha.
  1131 | D:2      | Found an opulent altar of Gozag.
  1657 | D:3      | Reached XP level 5. HP: 50/50 MP: 2/2
  1735 | D:3      | Found a glowing golden altar of the Shining One.
  1937 | D:4      | Noticed a sky beast
  1951 | D:4      | Killed a sky beast
  1951 | D:4      | Reached skill level 6 in Unarmed Combat
  1951 | D:4      | Reached XP level 6. HP: 53/59 MP: 3/3
  1958 | D:4      | Gained mutation: You occasionally shout uncontrollably at your foes. [mutagenic meat]
  1959 | D:4      | Gained mutation: You can spit poison. [mutagenic meat]
  1960 | D:4      | Gained mutation: Your magical capacity is low (-10% MP). [mutagenic meat]
  2100 | D:4      | Found Zirriy's Jewellery Shop.
  2380 | D:4      | Found a staircase to the Ecumenical Temple.
  2492 | D:5      | Entered Level 5 of the Dungeon
  3039 | D:5      | Reached XP level 7. HP: 64/66 MP: 2/2
  3052 | D:5      | Found a burning altar of Makhleb.
  3177 | D:5      | Reached skill level 7 in Unarmed Combat
  3420 | D:5      | Reached skill level 5 in Dodging
  3470 | D:6      | Noticed Dowan
  3529 | D:6      | Got a shimmering silver ring
  3535 | D:5      | Identified the ring "Thaqeola" {rC+ Int-3 Dex+3} (You found it on level 6 of the Dungeon)
  3543 | D:6      | Killed Dowan
  3574 | D:6      | Noticed Duvessa
  3591 | D:6      | Killed Duvessa
  3652 | D:6      | Noticed Crazy Yiuf
  3657 | D:6      | Killed Crazy Yiuf
  3685 | D:6      | Reached XP level 8. HP: 74/74 MP: 2/2
  3720 | D:6      | Reached skill level 8 in Unarmed Combat
  3888 | D:6      | Found a blossoming altar of Fedhas.
  4043 | D:6      | Gained mutation: Your spells are a little easier to cast, but a little less powerful. [potion of mutation]
  4043 | D:6      | Gained mutation: You are agile. (Dex +2) [potion of mutation]
  4043 | D:6      | Gained mutation: You tend to lose your temper in combat. [potion of mutation]
  4044 | D:6      | Gained mutation: You can breathe flames. [potion of mutation]
  4044 | D:6      | Lost mutation: You can breathe flames. [potion of mutation]
  4070 | D:6      | Found a burning altar of Makhleb.
  4155 | D:6      | Reached skill level 9 in Unarmed Combat
  4372 | D:7      | Acquired Okawaru's second power
  4558 | D:7      | Reached XP level 9. HP: 84/84 MP: 3/3
  4728 | D:7      | Reached skill level 10 in Unarmed Combat
  5125 | D:8      | Noticed Psyche
  5135 | D:8      | Killed Psyche
  5135 | D:8      | Received a gift from Okawaru
  5185 | D:8      | Reached skill level 5 in Fighting
  5727 | D:8      | Found a staircase to the Lair.
  5913 | D:8      | Found a shimmering altar of Xom.
  5913 | D:8      | Found a shimmering altar of Xom.
  5915 | D:8      | Found a shimmering altar of Xom.
  6090 | D:8      | Reached skill level 11 in Unarmed Combat
  6719 | D:8      | Reached XP level 10. HP: 81/98 MP: 3/3
  6995 | D:8      | Gained mutation: You passively map a small area around you. [mutagenic meat]
  6996 | D:8      | Gained mutation: You are partially covered in yellow scales (AC +2). [mutagenic meat]
  7014 | D:9      | Noticed a giant orange brain
  7026 | D:9      | Killed a giant orange brain
  7026 | D:9      | Received a gift from Okawaru
  7026 | D:9      | Reached skill level 12 in Unarmed Combat
  7044 | D:10     | Entered Level 10 of the Dungeon
  7072 | D:10     | Noticed a hill giant
  7077 | D:10     | Killed a hill giant
  7138 | D:10     | Gained mutation: You have sharp toenails. [mutagenic meat]
  7705 | D:10     | Reached skill level 13 in Unarmed Combat
  7726 | D:10     | Noticed a hill giant
  7733 | D:10     | Killed a hill giant
  8096 | D:9      | Reached XP level 11. HP: 107/107 MP: 3/3
  8285 | D:9      | Lost mutation: Your spells are a little easier to cast, but a little less powerful. [mutagenic meat]
  8286 | D:9      | Gained mutation: Your spells are a little harder to cast, but a little more powerful. [mutagenic meat]
  8302 | D:9      | Noticed Erolcha
  8309 | D:9      | Killed Erolcha
  8457 | D:9      | Noticed a draconian
  8471 | D:9      | Killed a draconian
  8539 | D:9      | Noticed an unseen horror
  8558 | D:9      | Killed an unseen horror
  8558 | D:9      | Received a gift from Okawaru
  8569 | D:9      | Noticed Joseph
  8595 | D:9      | Killed Joseph
  8595 | D:9      | Reached skill level 1 in Armour
  9157 | D:11     | Noticed Maurice
  9171 | D:11     | Killed Maurice
  9189 | D:11     | Found a flickering gateway to a bazaar.
  9198 | Bazaar   | Entered a bazaar
  9215 | Bazaar   | Found Achir's Food Emporium.
  9255 | Bazaar   | Found Myugay's Armour Shoppe.
  9276 | Bazaar   | Found Trythroveyn's Armour Emporium.
  9276 | Bazaar   | Found Jedued's Magic Scroll Shoppe.
  9321 | Bazaar   | Bought a scroll of remove curse for 39 gold pieces
  9321 | Bazaar   | Bought a scroll of fear for 45 gold pieces
  9321 | Bazaar   | Bought a scroll of recharging for 123 gold pieces
  9321 | Bazaar   | Bought a scroll of holy word for 97 gold pieces
  9333 | Bazaar   | Bought a scroll of identify for 26 gold pieces
  9362 | D:11     | Reached skill level 14 in Unarmed Combat
  9543 | D:11     | Noticed Grum
  9553 | D:11     | Killed Grum
  9756 | D:11     | Noticed Nergalle
  9773 | D:11     | Killed Nergalle
  9781 | D:11     | Received a gift from Okawaru
  9785 | D:11     | Got a shimmering robe {god gift}
  9853 | D:11     | Identified the +1 robe of the Crown {rF++ Stlth+} (Okawaru gifted it to you on level 11 of the Dungeon)
  9951 | D:11     | Reached XP level 12. HP: 94/115 MP: 4/4
 10072 | D:11     | Noticed Urug
 10097 | D:11     | Killed Urug
 10161 | D:11     | Found a shadowy altar of Dithmenos.
 10293 | D:11     | Found a staircase to the Orcish Mines.
 10319 | D:11     | Noticed Harold
 10328 | D:11     | Killed Harold
 10350 | D:11     | Found a bloodstained altar of Trog.
 10653 | Lair:1   | Entered Level 1 of the Lair of Beasts
 11473 | Lair:1   | Reached skill level 15 in Unarmed Combat
 11642 | Lair:2   | Noticed Sixotanaka's ghost (powerful DDBe)
 12075 | Lair:2   | Reached skill level 5 in Armour
 12075 | Lair:2   | Reached skill level 10 in Dodging
 12099 | Lair:2   | Killed Sixotanaka's ghost
 12099 | Lair:2   | Received a gift from Okawaru
 12544 | Lair:2   | Noticed Prince Ribbit
 12906 | Lair:2   | Killed Prince Ribbit
 13307 | Lair:3   | Found a hole to the Spider Nest.
 13452 | Lair:3   | Received a gift from Okawaru
 13611 | Lair:3   | Reached XP level 13. HP: 122/122 MP: 4/4
 13950 | Lair:4   | Noticed Erica
 13966 | Lair:4   | Killed Erica
 14597 | Lair:4   | Received a gift from Okawaru
 14836 | Lair:5   | Noticed Snorg
 14843 | Lair:5   | Killed Snorg
 14843 | Lair:5   | Reached skill level 16 in Unarmed Combat
 15792 | Lair:5   | Found a staircase to the Swamp.
 16174 | Lair:6   | Received a gift from Okawaru
 16319 | Lair:6   | Found a staircase to the Slime Pits.
 16320 | Lair:6   | Found a viscous altar of Jiyva.
 17053 | Lair:6   | Received a gift from Okawaru
 17194 | Lair:7   | Reached XP level 14. HP: 131/131 MP: 4/4
 17267 | Lair:7   | Reached skill level 17 in Unarmed Combat
 17460 | Lair:7   | Received a gift from Okawaru
 17723 | Lair:7   | Noticed Rupert
 17731 | Lair:7   | Killed Rupert
 18377 | Lair:7   | Received a gift from Okawaru
 18716 | Lair:8   | Entered Level 8 of the Lair of Beasts
 19139 | Lair:8   | Reached skill level 18 in Unarmed Combat
 19252 | Lair:8   | Received a gift from Okawaru
 20439 | Lair:1   | Identified a scroll of acquirement
 20440 | Lair:1   | Got a steaming bone ring
 20442 | Lair:1   | Identified the ring "Khuid" {rC+ Dex+3} (You acquired it on level 1 of the Lair of Beasts)
 20568 | Orc:1    | Entered Level 1 of the Orcish Mines
 21099 | Orc:2    | Reached XP level 15. HP: 137/137 MP: 5/5
 21716 | Orc:3    | Found a staircase to the Elven Halls.
 22391 | Orc:4    | Entered Level 4 of the Orcish Mines
 22439 | Orc:4    | Received a gift from Okawaru
 22524 | Orc:4    | Found Smewnoeg's Assorted Antiques.
 22564 | Orc:4    | Found a roughly hewn altar of Beogh.
 22681 | Orc:4    | Reached skill level 1 in Throwing
 23146 | Orc:4    | Found Vixtoss' Armour Shop.
 23146 | Orc:4    | Found Iwucang's Armour Shop.
 23147 | Orc:4    | Found Daurchuu's Book Boutique.
 23150 | Orc:4    | Found Prueff's Assorted Antiques.
 23189 | Orc:4    | Bought a potion of mutation for 57 gold pieces
 23189 | Orc:4    | Bought a shiny diamond ring for 115 gold pieces
 23189 | Orc:4    | Bought a dark potion for 20 gold pieces
 23189 | Orc:4    | Bought a fizzy cyan potion for 20 gold pieces
 23189 | Orc:4    | Bought a scroll of identify for 46 gold pieces
 23190 | Orc:4    | Gained mutation: You passively map the area around you. [potion of mutation]
 24235 | D:12     | Noticed Fannar
 24246 | D:12     | Killed Fannar
 24246 | D:12     | Received a gift from Okawaru
 24610 | D:13     | Reached skill level 19 in Unarmed Combat
 25496 | D:13     | Found a gate to the Vaults.
 25637 | D:13     | Got a pitted turquoise ring
 25639 | D:13     | Identified the ring of the Oligarchy {+Rage Str+1 Dex+4 SInv} (You acquired it on level 13 of the Dungeon)
 25875 | D:14     | Lost mutation: You can spit poison. [mutagenic meat]
 25876 | D:14     | Gained mutation: Your flesh is heat resistant. [mutagenic meat]
 25878 | D:14     | Lost mutation: You have sharp toenails. [mutagenic meat]
 25984 | D:14     | Gained mutation: You passively map a large area around you. [mutagenic meat]
 25985 | D:14     | Gained mutation: Your skin changes colour to match your surroundings (Stealth). [mutagenic meat]
 26010 | D:14     | Received a gift from Okawaru
 26264 | D:14     | Found a snail-covered altar of Cheibriados.
 26344 | D:15     | Entered Level 15 of the Dungeon
 26546 | D:15     | HP: 6/140 [vampire mage/bolt of negative energy (18)]
 26868 | D:15     | Found a staircase to the Depths.
 27091 | D:15     | Reached XP level 16. HP: 100/149 MP: 5/5
 27165 | D:15     | Found a white marble altar of Elyvilon.
 27307 | D:15     | Found a portal to a secret trove of treasure.
 27666 | Spider:1 | Entered Level 1 of the Spider Nest
 27915 | Spider:1 | Received a gift from Okawaru
 28534 | Spider:1 | You fall through a shaft!
 28896 | Spider:1 | Noticed Louise
 28902 | Spider:1 | Cast into the Abyss (Louise)
 28921 | Abyss:1  | Reached skill level 20 in Unarmed Combat
 29034 | Abyss:1  | Noticed a tentacled starspawn
 29039 | Abyss:1  | Killed a tentacled starspawn
 29141 | Spider:1 | Escaped the Abyss
 29155 | Spider:1 | Killed Louise
 30937 | Spider:3 | Received a gift from Okawaru
 32110 | Spider:4 | Reached skill level 5 in Throwing
 32623 | Spider:5 | Entered Level 5 of the Spider Nest
 32844 | Spider:5 | Reached XP level 17. HP: 149/158 MP: 5/5
 33090 | Spider:5 | Received a gift from Okawaru
 33094 | Spider:5 | Noticed Roxanne
 33450 | Spider:5 | Received a gift from Okawaru
 34210 | Spider:5 | Gained mutation: You are somewhat resistant to further mutation. [mutagenic meat]
 34212 | Spider:5 | Gained mutation: You are frail (-10% HP). [mutagenic meat]
 34213 | Spider:5 | Gained mutation: Your vision is a little blurry. [mutagenic meat]
 34215 | Spider:5 | Lost mutation: Your vision is a little blurry. [mutagenic meat]
 34232 | Spider:5 | Got a gossamer rune of Zot
 34324 | Spider:5 | Killed Roxanne
 34749 | Swamp:1  | Entered Level 1 of the Swamp
 34919 | Swamp:1  | Found a frozen archway.
 34928 | IceCv    | Entered an ice cave
 34963 | IceCv    | Gained mutation: You have a somewhat thin skeletal structure (Dex +2, Stealth). [mutagenic meat]
 35102 | IceCv    | Got a glittering jade amulet
 35103 | IceCv    | Identified the amulet "Grokhlaorph" {Clar Str-3 Int+2} (You found it in an ice cave)
 35232 | IceCv    | Reached skill level 21 in Unarmed Combat
 35470 | IceCv    | Received a gift from Okawaru
 36401 | Swamp:2  | Lost mutation: Your spells are a little harder to cast, but a little more powerful. [potion of mutation]
 36661 | Swamp:2  | Identified the Grimoire of Calling
 37055 | Swamp:3  | Received a gift from Okawaru
 37162 | Swamp:3  | Reached XP level 18. HP: 129/153 MP: 6/6
 37165 | Swamp:3  | Received a gift from Okawaru
 37742 | Swamp:3  | Received a gift from Okawaru
 37761 | Swamp:3  | Got a fine robe {god gift}
 37762 | Swamp:3  | Identified the +3 robe "Baib" {+Inv +Fly rElec} (Okawaru gifted it to you on level 3 of the Swamp)
 37895 | Swamp:3  | Reached skill level 10 in Armour
 38312 | Swamp:4  | Upgraded the game from 0.16-a0-2676-gfc1a37c to 0.16-a0-2683-gc417ed5
 38787 | Swamp:5  | Entered Level 5 of the Swamp
 38971 | Swamp:5  | Reached skill level 15 in Dodging
 39585 | Swamp:5  | Received a gift from Okawaru
 39731 | Swamp:5  | Received a gift from Okawaru
 39761 | Swamp:5  | Got a warped battleaxe {god gift}
 39762 | Swamp:5  | Identified the +7 battleaxe "Frurphino" {vamp, Contam rElec Int+3} (Okawaru gifted it to you on level 5 of the Swamp)
 39839 | Swamp:5  | Got a decaying rune of Zot
 40387 | Vaults:1 | Entered Level 1 of the Vaults
 40451 | Vaults:1 | Reached skill level 22 in Unarmed Combat
 40524 | Vaults:1 | Noticed Norris
 40560 | Vaults:1 | Killed Norris
 40560 | Vaults:1 | Received a gift from Okawaru
 40697 | Vaults:1 | Found Vamojosioxt's Magic Scroll Shop.
 40707 | Vaults:1 | Received a gift from Okawaru
 40842 | Vaults:1 | Lost mutation: You passively map a large area around you. [mutagenic meat]
 40844 | Vaults:1 | Lost mutation: You occasionally shout uncontrollably at your foes. [mutagenic meat]
 40845 | Vaults:1 | Gained mutation: You are partially covered in molten scales (AC +1). [mutagenic meat]
 40849 | Vaults:1 | Gained mutation: Your flesh is cold resistant. [mutagenic meat]
 40854 | Vaults:1 | Lost mutation: Your flesh is heat resistant. [mutagenic meat]
 40911 | Vaults:1 | Received a gift from Okawaru
 41121 | Vaults:1 | Reached XP level 19. HP: 129/163 MP: 5/6
 41127 | Vaults:1 | Reached skill level 10 in Fighting
 41144 | Vaults:1 | Gained mutation: Your vision is a little blurry. [mutagenic meat]
 42055 | Vaults:1 | Received a gift from Okawaru
 42172 | Vaults:2 | Received a gift from Okawaru
 42391 | Vaults:2 | Found Map Kli's Distillery.
 42398 | Vaults:2 | Bought a potion of curing for 36 gold pieces
 42398 | Vaults:2 | Bought a potion of heal wounds for 60 gold pieces
 42398 | Vaults:2 | Bought a potion of curing for 36 gold pieces
 42398 | Vaults:2 | Bought a potion of haste for 120 gold pieces
 42398 | Vaults:2 | Bought a potion of might for 48 gold pieces
 42398 | Vaults:2 | Bought a potion of might for 48 gold pieces
 42528 | Vaults:2 | Received a gift from Okawaru
 42555 | Vaults:2 | Received a gift from Okawaru
 42898 | Vaults:2 | Lost mutation: You passively map the area around you. [mutagenic meat]
 42958 | Vaults:2 | Noticed Frederick
 42974 | Vaults:2 | Killed Frederick
 42974 | Vaults:2 | Reached skill level 23 in Unarmed Combat
 43030 | Vaults:2 | Gained mutation: Your mind is acute. (Int +2) [mutagenic meat]
 43208 | Vaults:2 | Received a gift from Okawaru
 43684 | Vaults:2 | Found a staircase to the Crypt.
 44352 | Vaults:3 | Received a gift from Okawaru
 44359 | Vaults:3 | Gained mutation: You have a pair of small antennae on your head. [mutagenic meat]
 44450 | Vaults:3 | Reached XP level 20. HP: 173/173 MP: 5/6
 44774 | Vaults:3 | HP: 8/173 [vault warden/great sword of holy wrath (12)]
 44779 | Vaults:3 | Received a gift from Okawaru
 44999 | Vaults:3 | Found Idwetyme's Antique Weapon Emporium.
 45323 | Vaults:3 | Received a gift from Okawaru
 46002 | Vaults:3 | HP: 5/175 [stone giant (29)]
 46759 | Vaults:4 | Found Bria's Distillery.
 46767 | Vaults:4 | Bought a potion of curing for 69 gold pieces
 46767 | Vaults:4 | Bought a potion of cure mutation for 805 gold pieces
 46767 | Vaults:4 | Bought a potion of haste for 230 gold pieces
 46767 | Vaults:4 | Bought a potion of haste for 230 gold pieces
 46768 | Vaults:4 | Lost mutation: You are frail (-10% HP). [potion of cure mutation]
 46768 | Vaults:4 | Lost mutation: Your flesh is cold resistant. [potion of cure mutation]
 46768 | Vaults:4 | Lost mutation: You have a pair of small antennae on your head. [potion of cure mutation]
 46768 | Vaults:4 | Lost mutation: You are agile. (Dex +2) [potion of cure mutation]
 46768 | Vaults:4 | Lost mutation: Your mind is acute. (Int +2) [potion of cure mutation]
 46801 | Vaults:4 | Reached skill level 24 in Unarmed Combat
 46972 | Vaults:4 | Received a gift from Okawaru
 47182 | Vaults:4 | Noticed Donald
 47193 | Vaults:4 | Killed Donald
 47715 | Vaults:4 | Received a gift from Okawaru
 47733 | Vaults:4 | HP: 6/196 [vault warden/bardiche (47)]
 48572 | Depths:1 | Entered Level 1 of the Depths
 48572 | Depths:1 | Found a gateway to a ziggurat.
 49002 | D:15     | Lost mutation: You tend to lose your temper in combat. [mutagenic meat]
 49139 | D:15     | Reached XP level 21. HP: 185/204 MP: 7/7
 49151 | D:15     | Gained mutation: You are somewhat resistant to both further mutation and mutation removal. [mutagenic meat]
 49167 | Depths:1 | Received a gift from Okawaru
 49173 | Depths:1 | Gained mutation: Your spells are a little harder to cast, but a little more powerful. [mutagenic meat]
 49262 | Depths:1 | Received a gift from Okawaru
 49291 | Depths:1 | Got a steaming hat {god gift}
 49302 | Depths:1 | Identified the +3 hat of the Unseen Realm {+Inv rPois Slay-2} (Okawaru gifted it to you on level 1 of the Depths)
 49318 | Depths:1 | Gained mutation: You possess an exceptional clarity of mind. [mutagenic meat]
 49319 | Depths:1 | Gained mutation: You have large cloven feet. [mutagenic meat]
 49336 | Depths:1 | Gained mutation: You have a pair of small horns on your head. [mutagenic meat]
 49354 | Depths:1 | Lost mutation: Your vision is a little blurry. [mutagenic meat]
 49370 | Depths:1 | Found a gateway to Hell.
 49508 | Depths:1 | Gained mutation: You are resistant to electric shocks. [mutagenic meat]
 49510 | Depths:1 | Lost mutation: Your magical capacity is low (-10% MP). [mutagenic meat]
 49785 | Depths:2 | Found a one-way gate leading to the halls of Pandemonium.
 50644 | Depths:2 | Received a gift from Okawaru
 50775 | Depths:2 | Reached skill level 25 in Unarmed Combat
 51032 | Depths:2 | Got a slimy quick blade
 51033 | Depths:2 | Identified the +6 quick blade of Dibrecef {freeze, +Inv rN+ Dex+3} (You found it on level 2 of the Depths)
 51905 | Depths:2 | Received a gift from Okawaru
 52075 | Depths:3 | Reached XP level 22. HP: 100/215 MP: 8/8
 52444 | Depths:3 | Received a gift from Okawaru
 52747 | Depths:3 | Found a one-way gate to the infinite horrors of the Abyss.
 53405 | Depths:3 | Received a gift from Okawaru
 53405 | Depths:3 | Reached skill level 1 in Invocations
 53617 | Depths:3 | Got a distressingly furry shield
 53620 | Depths:3 | Identified the +5 shield of the Tundras {rPois} (You found it on level 3 of the Depths)
 53631 | Depths:3 | Found an iron altar of Okawaru.
 53631 | Depths:3 | Noticed Wiglaf
 53641 | Depths:3 | Reached skill level 26 in Unarmed Combat
 53651 | Depths:3 | Killed Wiglaf
 53690 | Depths:3 | Received a gift from Okawaru
 53700 | Depths:3 | Got an ivory giant spiked club {god gift}
 53701 | Depths:3 | Identified the +6 giant spiked club "Cafusyir" {freeze, Dex+2} (Okawaru gifted it to you on level 3 of the Depths)
 54119 | Depths:4 | Noticed an ancient lich
 54143 | Depths:4 | Received a gift from Okawaru
 54148 | Depths:4 | Killed an ancient lich
 54234 | Depths:4 | Paralysed by a giant eyeball for 2 turns
 54244 | Depths:4 | Paralysed by a giant eyeball for 4 turns
 54250 | Depths:4 | Paralysed by a giant eyeball for 4 turns
 54918 | Depths:4 | Received a gift from Okawaru
 54988 | Depths:4 | Got a creamy pearl robe {god gift}
 55109 | Depths:4 | Reached XP level 23. HP: 184/226 MP: 20/20
 55125 | Depths:4 | Paralysed by a giant eyeball for 2 turns
 55807 | Depths:4 | Identified the +0 robe of Wrong Decisions {Int-4 Dex+1} (Okawaru gifted it to you on level 4 of the Depths)
 55975 | Depths:5 | Entered Level 5 of the Depths
 55987 | Depths:5 | Noticed Boris
 56013 | Depths:5 | Killed Boris
 56369 | Depths:5 | Found Graip's Assorted Antiques.
 56396 | Depths:5 | Received a gift from Okawaru
 56398 | Depths:5 | Bought a scroll of identify for 96 gold pieces
 56411 | Depths:5 | Found a blossoming altar of Fedhas.
 56809 | Depths:5 | Reached skill level 5 in Invocations
 56937 | Depths:5 | Found a gate to the Realm of Zot.
 56952 | Depths:5 | Received a gift from Okawaru
 57340 | Depths:5 | Reached skill level 27 in Unarmed Combat
 57464 | Depths:5 | Received a gift from Okawaru
 57483 | Depths:5 | Paralysed by a great orb of eyes for 6 turns
 57492 | Depths:4 | HP: 11/227 [poisoned by an emperor scorpion]
 58532 | Elf:1    | Entered Level 1 of the Elven Halls
 58559 | Elf:1    | Found a radiant altar of Vehumet.
 58932 | Elf:1    | Identified Sif Muna's Reference Book on Companions and Enchantment
 59067 | Elf:1    | Received a gift from Okawaru
 59729 | Elf:2    | Found a huge runed gate.
 59729 | Elf:2    | Found a huge runed gate.
 59729 | Elf:2    | Found a huge runed gate.
 59730 | Elf:2    | Found a huge runed gate.
 59730 | Elf:2    | Found a huge runed gate.
 60156 | Elf:2    | Noticed Frances
 60176 | Elf:2    | Killed Frances
 60383 | Elf:2    | Noticed Nikola
 60409 | Elf:2    | Killed Nikola
 60409 | Elf:2    | Reached XP level 24. HP: 236/239 MP: 26/26
 60495 | Elf:3    | Entered Level 3 of the Elven Halls
 61267 | Elf:3    | Killed from afar by a deep elf sorcerer

Action                   |  1- 3 |  4- 6 |  7- 9 | 10-12 | 13-15 | 16-18 | 19-21 | 22-24 || total
-------------------------+-------+-------+-------+-------+-------+-------+-------+-------++-------
Melee: Unarmed           |    78 |   198 |   408 |   782 |  1677 |  1831 |  1671 |  1147 ||  7792
Throw: Large rock        |       |       |       |       |     3 |    24 |    11 |     3 ||    41
Invok: Heroism           |       |       |       |     3 |     5 |     3 |     1 |     1 ||    13
       Finesse           |       |       |       |       |       |     1 |     1 |     1 ||     3
  Use: Scroll            |       |     4 |     4 |    14 |    15 |    12 |     4 |     6 ||    59
       Potion            |       |       |     5 |       |     5 |     4 |     7 |     2 ||    23
 Stab: Sleeping          |       |     2 |     2 |     4 |     3 |    12 |    16 |     3 ||    42
       Fleeing           |       |       |       |       |     1 |       |       |       ||     1
       Petrifying        |       |       |       |       |     1 |       |       |       ||     1
       Distracted        |       |       |       |       |     2 |     3 |     4 |     1 ||    10
       Confused          |       |       |       |       |     1 |     1 |       |       ||     2
  Eat: Chunk             |    11 |    24 |    37 |    72 |   145 |   158 |   171 |    77 ||   695
       Royal jelly       |       |       |       |       |     1 |     1 |       |       ||     2
       Pizza             |       |       |       |       |       |     1 |       |       ||     1
       Fruit             |       |       |       |       |       |     1 |       |       ||     1
       Beef jerky        |       |       |       |       |       |       |       |     2 ||     2
